[Event "Peace Tournament 2019"]
[Site "Zagreb"]
[Date "2019.11.19"]
[Round "1.1"]
[White "Kozul, Zdenko"]
[Black "Bosiocic, Marin"]
[Result "1-0"]
[ECO "A09"]
[WhiteElo "2593"]
[BlackElo "2598"]
[Annotator "ChessBase"]
[PlyCount "47"]
[EventDate "2019.11.18"]
[EventCountry "CRO"]
[SourceTitle "playchess.com"]
[Source "ChessBase"]
[SourceQuality "1"]
[TimeControl "40/5400+30:1800+30"]

1. Nf3 d5 2. c4 d4 3. b4 Bg4 4. g3 Bxf3 5. exf3 e5 6. Bg2 Bxb4 7. Qa4+ Nc6 8. f4 e4 9. Bxe4 Qe7 10. Kd1 Kf8 11. Bxc6 bxc6 12. Re1 Qd6 13. a3 Bc5 14. d3 Nf6 15. Nd2 Re8 16. Rxe8+ Kxe8 17. Nb3 Ng4 18. Ra2 Bb6 19. f5 Ne5 20. Bf4 Kd7 21. c5 Bxc5 22. Qa5 Qd5 23. Nxc5+ Kc8 24. Bxe5 1-0

[Event "Peace Tournament 2019"]
[Site "Zagreb"]
[Date "2019.11.19"]
[Round "1.2"]
[White "Zelcic, Robert"]
[Black "Nisipeanu, Liviu-Dieter"]
[Result "1-0"]
[ECO "C18"]
[WhiteElo "2526"]
[BlackElo "2656"]
[Annotator "ChessBase"]
[PlyCount "101"]
[EventDate "2019.11.18"]
[EventCountry "CRO"]
[SourceTitle "playchess.com"]
[Source "ChessBase"]
[SourceQuality "1"]
[TimeControl "40/5400+30:1800+30"]

1. e4 e6 2. d4 d5 3. Nc3 Bb4 4. e5 c5 5. a3 Bxc3+ 6. bxc3 Ne7 7. Qg4 O-O 8. Bd3 f5 9. exf6 Rxf6 10. Qh5 h6 11. Nf3 Nbc6 12. O-O c4 13. Be2 Qa5 14. Bd2 Bd7 15. Ne5 Nxe5 16. Qxe5 Nc6 17. Qe3 Be8 18. Bg4 Bg6 19. Bxe6+ Kh7 20. Bd7 Bxc2 21. Rfe1 Raf8 22. f3 Qc7 23. Bxc6 bxc6 24. Qf2 Bd3 25. Re5 R8f7 26. h4 Qb8 27. a4 Qb2 28. Rae1 Qa3 29. Re8 Rf8 30. Qg3 Rxe8 31. Rxe8 Qb2 32. Qb8 Qxb8 33. Rxb8 Rf7 34. a5 h5 35. Bg5 Bc2 36. a6 Ba4 37. Rb7 Kg8 38. Be7 Bb5 39. Rxa7 Bxa6 40. Ra8+ Kh7 41. Bd6 Bb7 42. Re8 Rd7 43. Be5 Ba6 44. Ra8 Bb7 45. Rf8 Re7 46. Rf5 Kh6 47. Bf4+ Kg6 48. Rg5+ Kf7 49. Rxh5 Re2 50. Rf5+ Ke6 51. Rg5 1-0

[Event "Peace Tournament 2019"]
[Site "Zagreb"]
[Date "2019.11.19"]
[Round "1.6"]
[White "Stevic, Hrvoje"]
[Black "Palac, Mladen"]
[Result "1/2-1/2"]
[ECO "C54"]
[WhiteElo "2563"]
[BlackElo "2550"]
[Annotator "ChessBase"]
[PlyCount "40"]
[EventDate "2019.11.18"]
[EventCountry "CRO"]
[SourceTitle "playchess.com"]
[Source "ChessBase"]
[SourceQuality "1"]
[TimeControl "40/5400+30:1800+30"]

1. e4 e5 2. Nf3 Nc6 3. Bc4 Bc5 4. O-O Nf6 5. d3 d6 6. c3 O-O 7. Re1 a6 8. a4 Ba7 9. h3 h6 10. Nbd2 Re8 11. Nf1 Be6 12. Bxe6 Rxe6 13. Be3 Bxe3 14. Nxe3 Ne7 15. Qb3 b6 16. Rad1 Ng6 17. g3 Qd7 18. Nf5 Ree8 19. Kh2 Rad8 20. c4 a5 1/2-1/2

[Event "Peace Tournament 2019"]
[Site "Zagreb"]
[Date "2019.11.22"]
[Round "4.3"]
[White "Ragger, Markus"]
[Black "Stevic, Hrvoje"]
[Result "1-0"]
[ECO "D20"]
[WhiteElo "2669"]
[BlackElo "2563"]
[Annotator "RC"]
[PlyCount "86"]
[EventDate "2019.11.19"]
[EventType "tourn"]
[EventCountry "CRO"]
[SourceTitle "playchess.com"]
[Source "ChessBase"]
[SourceQuality "1"]
[TimeControl "40/5400+30:1800+30"]

1. d4 d5 2. c4 dxc4 3. e4 e5 4. Nf3 Bb4+ 5. Nc3 exd4 6. Nxd4 Ne7 7. Bf4 Ng6 8. Qa4+ c6 9. Qxb4 Nxf4 10. O-O-O Qe7 11. Qxe7+ Kxe7 12. Nf5+ Bxf5 13. exf5 Re8 14. Bxc4 b5 15. Rhe1+ Kf8 16. Rxe8+ Kxe8 17. Rd4 bxc4 18. Rxf4 Nd7 19. Rxc4 c5 20. Rh4 h6 21. Nd5 Rc8 22. f6 Kf8 23. fxg7+ Kxg7 24. Rg4+ Kf8 25. Rg8+ Kxg8 26. Ne7+ Kg7 27. Nxc8 a6 28. Kd2 Kf6 29. Nd6 Ke6 30. Nc4 Nf6 31. f3 Nd5 32. Ne3 Nb6 33. Kd3 f5 34. g4 fxg4 35. fxg4 Nd7 36. Ke4 Ne5 37. b3 Nc6 38. Nd5 a5 39. Ne3 Kf6 40. h4 Ke6 41. Nc4 Nb4 42. a3 Nc6 43. a4 Nb8 1-0

[Event "Peace Tournament 2019"]
[Site "Zagreb"]
[Date "2019.11.23"]
[Round "5"]
[White "Cheparinov, Ivan"]
[Black "Bacrot, Etienne"]
[Result "1/2-1/2"]
[ECO "D37"]
[WhiteElo "2679"]
[BlackElo "2669"]
[Annotator "ChessBase"]
[PlyCount "65"]
[EventDate "2019.??.??"]
[EventCountry "CRO"]
[SourceTitle "playchess.com"]
[Source "ChessBase"]
[SourceQuality "1"]
[TimeControl "40/5400+30:1800+30"]

1. d4 d5 2. Nf3 e6 3. c4 Be7 4. Nc3 Nf6 5. Bf4 O-O 6. e3 b6 7. Bd3 Ba6 8. cxd5 Nxd5 9. Nxd5 Qxd5 10. O-O Rc8 11. Re1 Bxd3 12. Qxd3 Nd7 13. e4 Qb7 14. Rad1 Re8 15. d5 exd5 16. exd5 Bd6 17. Qb5 Nf6 18. Be5 a6 19. Qb3 Nd7 20. Bxd6 cxd6 21. Nd4 Nf6 22. Nc6 Qd7 23. h3 b5 24. a4 bxa4 25. Qxa4 Qb7 26. Qa3 Nxd5 27. Qxd6 Nf6 28. Nd8 Rxe1+ 29. Rxe1 Qd7 30. Qxd7 Nxd7 31. Nc6 Kf8 32. Rd1 Rc8 33. Nb4 1/2-1/2

[Event "Peace Tournament 2019"]
[Site "Zagreb"]
[Date "2019.11.23"]
[Round "5"]
[White "Ivanchuk, Vassily"]
[Black "Zelcic, Robert"]
[Result "1-0"]
[ECO "E21"]
[WhiteElo "2679"]
[BlackElo "2526"]
[Annotator "ChessBase"]
[PlyCount "121"]
[EventDate "2019.??.??"]
[EventCountry "CRO"]
[SourceTitle "playchess.com"]
[Source "ChessBase"]
[SourceQuality "1"]
[TimeControl "40/5400+30:1800+30"]

1. d4 Nf6 2. c4 e6 3. Nc3 Bb4 4. Nf3 b6 5. Bd2 Bb7 6. g3 O-O 7. Bg2 c5 8. dxc5 bxc5 9. O-O d6 10. Qc2 Nbd7 11. Rfd1 Qe7 12. Bf4 e5 13. Bg5 Bxc3 14. Qxc3 h6 15. Bxf6 Nxf6 16. Nh4 Bxg2 17. Nxg2 Rfb8 18. Ne3 Qe6 19. f3 Rb6 20. Rd2 g6 21. Rad1 Rab8 22. b3 Kh7 23. Kg2 Ra8 24. Qa5 h5 25. h3 Kg7 26. Kh2 Kh7 27. Ng2 Ng8 28. Ne3 Ne7 29. Kg2 Kg7 30. Rd3 f5 31. Nd5 Nxd5 32. Rxd5 e4 33. Rxd6 exf3+ 34. Kxf3 Rxd6 35. Qc7+ Kh8 36. Qxd6 Qe4+ 37. Kf2 Re8 38. Rd2 Qe3+ 39. Kg2 Kh7 40. Qf4 Qe7 41. Kf2 a5 42. h4 a4 43. bxa4 Ra8 44. Rd6 Rxa4 45. Rc6 Ra7 46. a4 Qd7 47. Rxc5 Qxa4 48. Rc7+ Rxc7 49. Qxc7+ Kh6 50. Qe5 Kh7 51. c5 Qc6 52. Qe7+ Kh6 53. Qd6 Qh1 54. c6 Qh2+ 55. Ke3 Qg1+ 56. Kd2 Qb1 57. c7 Qa2+ 58. Ke3 Qa7+ 59. Kd3 Qa8 60. Qc5 Qc8 61. Kd2 1-0

[Event "Peace Tournament 2019"]
[Site "Zagreb"]
[Date "2019.11.23"]
[Round "5"]
[White "Dreev, Aleksey"]
[Black "Bosiocic, Marin"]
[Result "0-1"]
[ECO "E08"]
[WhiteElo "2671"]
[BlackElo "2598"]
[Annotator "ChessBase"]
[PlyCount "114"]
[EventDate "2019.??.??"]
[EventCountry "CRO"]
[SourceTitle "playchess.com"]
[Source "ChessBase"]
[SourceQuality "1"]
[TimeControl "40/5400+30:1800+30"]

1. d4 Nf6 2. Nf3 e6 3. c4 d5 4. g3 Bb4+ 5. Bd2 Be7 6. Bg2 c6 7. Qc2 Nbd7 8. O-O b6 9. cxd5 cxd5 10. Rc1 Bb7 11. Bf4 O-O 12. Bc7 Qe8 13. Qb3 Ne4 14. Nc3 Nxc3 15. Rxc3 Ba6 16. Qd1 Nf6 17. Ne5 Rc8 18. Rac1 Ne4 19. R3c2 Qa4 20. Bf1 f6 21. Nf3 Qxa2 22. Ra1 Qb3 23. Qc1 Bb5 24. Rxa7 Ba4 25. Rc3 Nxc3 26. bxc3 Kh8 27. Qe3 Bd7 28. Bd6 Rxc3 29. Bxe7 Rxe3 30. Bxf8 Rxf3 31. exf3 Kg8 32. Bxg7 Kxg7 33. Rxd7+ Kf8 34. Rxh7 b5 35. Rb7 b4 36. Bb5 Qxf3 37. h4 Qd1+ 38. Kg2 Qxd4 39. Ba4 Qe4+ 40. Kg1 d4 41. Rd7 b3 42. Bxb3 Qb1+ 43. Kg2 Qxb3 44. Rxd4 e5 45. Rg4 Qb7+ 46. Kg1 Qf3 47. Rb4 e4 48. Rb8+ Kf7 49. Rb7+ Ke6 50. Rb8 Kf5 51. Rg8 Qd1+ 52. Kg2 Qe2 53. Kg1 e3 54. fxe3 Ke4 55. Rf8 Kf3 56. Rxf6+ Kxg3 57. Rg6+ Kh3 0-1

[Event "Peace Tournament 2019"]
[Site "Zagreb"]
[Date "2019.11.23"]
[Round "5"]
[White "Melkumyan, Hrant"]
[Black "Kozul, Zdenko"]
[Result "1-0"]
[ECO "E93"]
[WhiteElo "2661"]
[BlackElo "2593"]
[Annotator "ChessBase"]
[PlyCount "91"]
[EventDate "2019.??.??"]
[EventCountry "CRO"]
[SourceTitle "playchess.com"]
[Source "ChessBase"]
[SourceQuality "1"]
[TimeControl "40/5400+30:1800+30"]

1. d4 Nf6 2. c4 g6 3. Nc3 Bg7 4. e4 d6 5. Nf3 O-O 6. Be2 e5 7. O-O Qe7 8. Bg5 Nbd7 9. d5 h6 10. Bh4 g5 11. Bg3 Nh5 12. Ne1 Nf4 13. Nc2 Nxe2+ 14. Qxe2 f5 15. exf5 Rxf5 16. Ne3 Rf7 17. Ne4 Nf6 18. f3 Nh5 19. Qc2 Nf4 20. c5 dxc5 21. Nxc5 b6 22. Ne4 Bb7 23. Rad1 Rd8 24. Qc4 Qd7 25. d6 Rc8 26. dxc7 Qxc7 27. Nd6 Qxc4 28. Nexc4 Rxc4 29. Nxc4 Ba6 30. b3 Rc7 31. Rfe1 Bxc4 32. bxc4 Rxc4 33. Bxf4 gxf4 34. Rd8+ Kf7 35. Rd7+ Kf6 36. Rxa7 Bf8 37. h4 Bc5+ 38. Kh2 Bd4 39. Kh3 Rc2 40. a4 h5 41. a5 bxa5 42. Rxa5 Rc7 43. Ra6+ Kg7 44. Rb1 Bf2 45. Rb5 Bd4 46. Rd5 1-0

[Event "Peace Tournament 2019"]
[Site "Zagreb"]
[Date "2019.11.23"]
[Round "5"]
[White "Stevic, Hrvoje"]
[Black "Nisipeanu, Liviu-Dieter"]
[Result "1/2-1/2"]
[ECO "B11"]
[WhiteElo "2563"]
[BlackElo "2656"]
[Annotator "ChessBase"]
[PlyCount "28"]
[EventDate "2019.??.??"]
[EventCountry "CRO"]
[SourceTitle "playchess.com"]
[Source "ChessBase"]
[SourceQuality "1"]
[TimeControl "40/5400+30:1800+30"]

1. e4 c6 2. Nf3 d5 3. Nc3 Bg4 4. h3 Bxf3 5. Qxf3 e6 6. Be2 Nf6 7. O-O dxe4 8. Nxe4 Nxe4 9. Qxe4 Qd5 10. Bf3 Qxe4 11. Bxe4 Nd7 12. b4 O-O-O 13. Rb1 Be7 14. g3 h5 1/2-1/2

[Event "Peace Tournament 2019"]
[Site "Zagreb"]
[Date "2019.11.23"]
[Round "5"]
[White "Palac, Mladen"]
[Black "Ragger, Markus"]
[Result "1/2-1/2"]
[ECO "C88"]
[WhiteElo "2550"]
[BlackElo "2669"]
[Annotator "ChessBase"]
[PlyCount "25"]
[EventDate "2019.??.??"]
[EventCountry "CRO"]
[SourceTitle "playchess.com"]
[Source "ChessBase"]
[SourceQuality "1"]
[TimeControl "40/5400+30:1800+30"]

1. e4 e5 2. Nf3 Nc6 3. Bb5 a6 4. Ba4 Nf6 5. O-O Be7 6. Re1 b5 7. Bb3 O-O 8. a4 b4 9. d4 d6 10. dxe5 Nxe5 11. Nxe5 dxe5 12. Nd2 Bc5 13. h3 1/2-1/2

[Event "Peace Tournament 2019"]
[Site "Zagreb"]
[Date "2019.11.29"]
[Round "10.1"]
[White "Bosiocic, Marin"]
[Black "Nisipeanu, Liviu-Dieter"]
[Result "1/2-1/2"]
[ECO "B12"]
[WhiteElo "2598"]
[BlackElo "2656"]
[Annotator "RC"]
[PlyCount "46"]
[EventDate "2019.11.19"]
[EventType "tourn"]
[EventCountry "CRO"]
[SourceTitle "playchess.com"]
[Source "ChessBase"]
[SourceQuality "1"]
[TimeControl "40/5400+30:1800+30"]

1. e4 c6 2. d4 d5 3. e5 Bf5 4. Nf3 e6 5. Be2 Ne7 6. O-O Bg6 7. c3 Nf5 8. Nbd2 h5 9. a4 Nd7 10. a5 a6 11. b4 h4 12. Ne1 f6 13. Nd3 Qc7 14. Nf3 h3 15. g3 Bf7 16. Nc5 O-O-O 17. Rb1 Re8 18. Nxa6 bxa6 19. Bxa6+ Kd8 20. b5 Qxa5 21. Bd2 Bh5 22. Ra1 Qc7 23. Re1 c5 1/2-1/2

[Event "Peace Tournament 2019"]
[Site "Zagreb"]
[Date "2019.11.30"]
[Round "11.3"]
[White "Cheparinov, Ivan"]
[Black "Ivanchuk, Vassily"]
[Result "1/2-1/2"]
[ECO "D16"]
[WhiteElo "2679"]
[BlackElo "2679"]
[Annotator "ChessBase"]
[PlyCount "73"]
[EventDate "2019.11.19"]
[EventType "tourn"]
[EventCountry "CRO"]
[SourceTitle "playchess.com"]
[Source "ChessBase"]
[SourceQuality "1"]
[TimeControl "40/5400+30:1800+30"]

1. d4 d5 2. c4 c6 3. Nf3 Nf6 4. Nc3 dxc4 5. a4 e6 6. e3 c5 7. Bxc4 cxd4 8. Nxd4 a6 9. O-O Bd6 10. Qe2 Qc7 11. h3 Bd7 12. e4 Nc6 13. Nxc6 Bxc6 14. Rd1 Nd7 15. Be3 O-O 16. Rac1 Rac8 17. Bb5 Nb8 18. Bxc6 Nxc6 19. Nd5 Qb8 20. Nb6 Rcd8 21. g3 Rfe8 22. Kg2 Bc7 23. h4 Rxd1 24. Rxd1 Rd8 25. f4 Rxd1 26. Qxd1 Bxb6 27. Bxb6 Qc8 28. Qd6 Nb8 29. Kf3 Nd7 30. Bd4 h5 31. b4 Qc4 32. Qxd7 Qd3+ 33. Kf2 Qd2+ 34. Kf1 Qd1+ 35. Kg2 Qd2+ 36. Kh3 Qd1 37. Kg2 1/2-1/2

[Event "Peace Tournament 2019"]
[Site "Zagreb"]
[Date "2019.11.30"]
[Round "11.5"]
[White "Ragger, Markus"]
[Black "Zelcic, Robert"]
[Result "0-1"]
[ECO "E04"]
[WhiteElo "2669"]
[BlackElo "2526"]
[Annotator "ChessBase"]
[PlyCount "104"]
[EventDate "2019.11.19"]
[EventType "tourn"]
[EventCountry "CRO"]
[SourceTitle "playchess.com"]
[Source "ChessBase"]
[SourceQuality "1"]
[TimeControl "40/5400+30:1800+30"]

1. d4 Nf6 2. c4 e6 3. Nf3 d5 4. g3 dxc4 5. Bg2 c5 6. O-O Nc6 7. dxc5 Qxd1 8. Rxd1 Bxc5 9. Nbd2 c3 10. bxc3 O-O 11. Nb3 Be7 12. Nfd4 Bd7 13. Nb5 Rfd8 14. Nd6 Be8 15. Bf4 Bxd6 16. Rxd6 Rxd6 17. Bxd6 Rd8 18. Ba3 b6 19. Rc1 a5 20. Nd4 Ne5 21. Rb1 Nc4 22. Be7 Rc8 23. Bxf6 gxf6 24. Bb7 Rc5 25. Ba6 e5 26. Nf5 Bd7 27. Bxc4 Bxf5 28. Bd3 e4 29. Ba6 Rxc3 30. Kg2 Ra3 31. Bc4 Ra4 32. Bb3 Rd4 33. e3 Rd2 34. Bc4 Rc2 35. Bb3 Rd2 36. Bc4 Bg4 37. Rxb6 Bf3+ 38. Kh3 Rxf2 39. g4 Be2 40. Rc6 Kg7 41. Kg3 Rf3+ 42. Kg2 Bxc4 43. Rxc4 Rxe3 44. Ra4 h5 45. gxh5 f5 46. Rxa5 f4 47. Rf5 Re2+ 48. Kf1 f3 49. a4 Rxh2 50. a5 Ra2 51. Rf4 Ra4 52. Kf2 e3+ 0-1

[Event "Peace Tournament 2019"]
[Site "Zagreb"]
[Date "2019.11.30"]
[Round "11.6"]
[White "Nisipeanu, Liviu-Dieter"]
[Black "Kozul, Zdenko"]
[Result "1/2-1/2"]
[ECO "B52"]
[WhiteElo "2656"]
[BlackElo "2593"]
[Annotator "ChessBase"]
[PlyCount "25"]
[EventDate "2019.11.19"]
[EventType "tourn"]
[EventCountry "CRO"]
[SourceTitle "playchess.com"]
[Source "ChessBase"]
[SourceQuality "1"]
[TimeControl "40/5400+30:1800+30"]

1. e4 c5 2. Nf3 d6 3. Bb5+ Bd7 4. Bxd7+ Nxd7 5. O-O Ngf6 6. Qe2 e6 7. c3 Be7 8. d4 cxd4 9. cxd4 d5 10. e5 Ne4 11. Nbd2 Nxd2 12. Bxd2 Nb8 13. Rac1 1/2-1/2